 Dungeon Crawl Stone Soup version 0.27.1-1-g398f81649c (webtiles) character file.

Game seed: 15682337657259945348

105 MisterFreud the Skirmisher (level 4, -7/41 HPs)
             Began as a Gnoll Wanderer on Sept 21, 2021.
             Was a Believer of Nemelex Xobeh.
             Mangled by a gnoll (9 damage)
             ... on level 4 of the Dungeon.
             The game lasted 00:03:43 (3800 turns).

MisterFreud the Skirmisher (Gnoll Wanderer)         Turns: 3800, Time: 00:03:43

Health: -7/41      AC:  2    Str: 10    XL:     4   Next: 81%
Magic:  5/5        EV: 12    Int: 12    God:    Nemelex Xobeh [**....]
Gold:   120        SH:  0    Dex: 13    Spells: 5/5 levels left

rFire    . . .     SeeInvis .   a - +2 dagger
rCold    . . .     Faith    +   (no shield)
rNeg     . . .     Spirit   .   f - +0 robe
rPois    .         Reflect  .   (no helmet)
rElec    .         Harm     .   (no cloak)
rCorr    .         Rampage  .   (no gloves)
Will     .....                  (no boots)
Stlth    +++.......             o - amulet of faith
HPRegen  0.13/turn              q - +4 ring of slaying
MPRegen  0.09/turn              (no ring)

@: no status effects
A: fangs 1, strong nose, distributed training
a: Renounce Religion, Draw Escape, Draw Destruction, Draw Summoning


You were on level 4 of the Dungeon.
You worshipped Nemelex Xobeh.
Nemelex Xobeh was pleased with you.
You visited 1 branch of the dungeon, and saw 4 of its levels.

You collected 120 gold pieces.

Inventory:

Hand Weapons
 a - a +2 dagger (weapon)
 c - a +0 falchion
 d - a +0 shortbow
 n - a +0 dagger of venom
 t - a +1 short sword of holy wrath
Missiles
 b - a curare-tipped dart (quivered)
 e - 21 arrows
 k - 16 poisoned darts
 l - 8 boomerangs
Armour
 f - a +0 robe (worn)
Jewellery
 o - an amulet of faith (around neck)
 q - a +4 ring of slaying (left hand)
Scrolls
 g - 4 scrolls of identify {unknown}
 m - a scroll of enchant armour {unknown}
 r - a scroll of amnesia {unknown}
 s - a scroll of enchant weapon {unknown}
 u - a scroll of silence {unknown}
 v - a scroll of teleportation {unknown}
Potions
 h - a potion of flight {unknown}
 i - a potion of degeneration {unknown}
 j - a potion of lignification {unknown}
 p - a potion of magic {unknown}


   Skills:
 + Level 6.6 Fighting
 + Level 1.2 Short Blades
 + Level 4.7 Long Blades
 + Level 1.2 Axes
 + Level 1.2 Maces & Flails
 + Level 1.2 Polearms
 + Level 1.2 Staves
 + Level 1.2 Slings
 + Level 2.8 Bows
 + Level 1.2 Crossbows
 + Level 2.8 Throwing
 + Level 1.2 Armour
 + Level 2.8 Dodging
 + Level 4.3 Stealth
 + Level 1.2 Shields
 + Level 1.2 Unarmed Combat
 + Level 1.2 Spellcasting
 + Level 1.0 Conjurations
 + Level 1.0 Hexes
 + Level 1.0 Summonings
 + Level 1.0 Necromancy
 + Level 1.0 Translocations
 + Level 1.0 Transmutations
 + Level 1.0 Fire Magic
 + Level 1.0 Ice Magic
 + Level 1.0 Air Magic
 + Level 1.0 Earth Magic
 + Level 1.0 Poison Magic
 + Level 1.4 Invocations
 + Level 1.2 Evocations


You had 5 spell levels left.
You didn't know any spells.
Your spell library was empty.

Dungeon Overview and Level Annotations

Branches:
Dungeon (4/15)
 Temple: D:4-7

Altars:
Nemelex Xobeh
Xom

Shops:
D:1 !   D:3 !

Annotations:
D:4 Duvessa


Innate Abilities, Weirdness & Mutations

You have very sharp teeth.
Your uncanny sense of smell can sniff out nearby items.
Your experience applies equally to all skills.


Message History

A gnoll, 2 orcs, an orc priest and 2 orc wizards come into view.
The orc wizard shouts!
The orc priest shouts!
The orc shouts! x2
The gnoll shouts!
A quokka comes into view.
A gnoll comes into view. It is wielding a +0 whip.
The orc wizard shouts!
You hit the orc wizard.
The orc wizard is lightly wounded.
A quokka comes into view.
You closely miss the orc wizard.
The orc wizard is lightly wounded.
The orc wizard closely misses you.
A gnoll comes into view. It is wielding a +0 whip.
The orc wizard casts a spell.
The orc wizard flickers and vanishes!
Deactivating autopickup; reactivate with Ctrl-A.
The gnoll shaman calls upon its god to speed up the gnoll.
The gnoll seems to speed up.
The gnoll shaman barely misses you.
Found 30 stones.
The quokka bites you. The gnoll hits you with a +0 whip!
The gnoll hits you with a +0 whip.
You closely miss the quokka.
The gnoll shouts!
The orc wizard barely misses you. The gnoll hits you with a +0 whip.
The quokka barely misses you.
The gnoll shaman hits you with a +0 club!
The quokka closely misses you. The gnoll hits you with a +0 whip.
The quokka barely misses you. The quokka bites you.
The orc wizard mumbles some strange words.
The orc wizard flickers and vanishes!
You see here a +0 dagger.
The quokka twitches its whiskers.
The quokka misses you. The quokka bites you.
* * * LOW HITPOINT WARNING * * *
The quokka closely misses you. x2
The gnoll hits you with a +0 whip!
* * * LOW HITPOINT WARNING * * *
The gnoll hits you with a +0 whip!
You die...
Your body glows slightly and disappears.

.........## ###....
............##...o.#
.................#
..............###
...........o....##
............:....##
........rg....#...###
.......oggo..####...##
.......@gr..##
##...### #...........#
###..[. ##..(......##
##... ##........# #...
##....#..# ##...
#####..## #.... ..#
#.... ..# #.... #....


You could see a gnoll shaman, an orc priest, 3 gnolls, 2 orcs and 2 quokkas.

Vanquished Creatures
  3 adders
  2 worms (D:3)
  9 orcs (D:3)
  8 ball pythons
  6 endoplasms
  A giant cockroach (D:3)
  3 goblins (D:1)
  5 hobgoblins
  4 jackals (D:2)
  2 quokkas
  2 bats
  A frilled lizard (D:2)
  5 kobolds
  7 rats
58 creatures vanquished.

Notes
Turn   | Place    | Note
-------+----------+-------------------------------------------
     0 | D:1      | MisterFreud the Gnoll Wanderer began the quest for the Orb.
     0 | D:1      | MisterFreud set off with the following items: a +2 dagger,
                  | a curare-tipped dart, a +0 falchion, a +0 shortbow, 21
                  | arrows, a +0 robe
     0 | D:1      | Reached XP level 1. HP: 23/23 MP: 1/1
   322 | D:1      | Reached XP level 2. HP: 29/29 MP: 2/2
   679 | D:1      | Found Nyc Sumyno's Distillery.
  1403 | D:2      | Found a shimmering altar of Xom.
  1770 | D:2      | Reached XP level 3. HP: 28/35 MP: 3/3
  2009 | D:2      | Reached skill level 1 in Invocations
  2165 | D:2      | Found a faded altar of an unknown god.
  2190 | D:2      | Became a worshipper of Nemelex Xobeh the Trickster
  2190 | D:2      | Reached * piety under Nemelex Xobeh
  2602 | D:3      | Received a gift from Nemelex Xobeh
  2621 | D:3      | Found Ciul's Distillery.
  2745 | D:3      | Reached skill level 1 in Short Blades
  2745 | D:3      | Reached skill level 1 in Axes
  2745 | D:3      | Reached skill level 1 in Maces & Flails
  2745 | D:3      | Reached skill level 1 in Polearms
  2745 | D:3      | Reached skill level 1 in Staves
  2745 | D:3      | Reached skill level 1 in Slings
  2745 | D:3      | Reached skill level 1 in Crossbows
  2745 | D:3      | Reached skill level 1 in Armour
  2745 | D:3      | Reached skill level 1 in Shields
  2745 | D:3      | Reached skill level 1 in Unarmed Combat
  2745 | D:3      | Reached skill level 1 in Spellcasting
  2745 | D:3      | Reached skill level 1 in Evocations
  2745 | D:3      | Reached XP level 4. HP: 32/41 MP: 5/5
  3479 | D:3      | Reached skill level 1 in Conjurations
  3479 | D:3      | Reached skill level 1 in Hexes
  3479 | D:3      | Reached skill level 1 in Summonings
  3479 | D:3      | Reached skill level 1 in Necromancy
  3479 | D:3      | Reached skill level 1 in Translocations
  3479 | D:3      | Reached skill level 1 in Transmutations
  3479 | D:3      | Reached skill level 1 in Fire Magic
  3479 | D:3      | Reached skill level 1 in Ice Magic
  3479 | D:3      | Reached skill level 1 in Air Magic
  3479 | D:3      | Reached skill level 1 in Earth Magic
  3479 | D:3      | Reached skill level 1 in Poison Magic
  3604 | D:4      | Reached ** piety under Nemelex Xobeh
  3604 | D:4      | Received a gift from Nemelex Xobeh
  3671 | D:4      | Noticed Duvessa
  3799 | D:4      | HP: 2/41 [gnoll (8)]
  3800 | D:4      | Mangled by a gnoll

Illustrated notes

Levels and vault maps discovered:
D:1:      matt_arrival_grand_opening, layout_basic, serial_shops, shop
D:2:      layout_loops_ring, shapermc_ecumenical_altar_mp_vishouse, basic_altar,
          chequers_serial_rivers_large_a
D:3:      layout_basic, serial_shops, nicolae_square_shop
D:4:      layout_cave_pods, ebering_ghost_rock_garden, nrook_mini_vaults,
          uniq_duvessa

Skill      XL: |  1  2  3  4 |
---------------+-------------+-----
Invocations    | 1 |  1.4
Short Blades   | 1 |  1.2
Axes           | 1 |  1.2
Maces & Flails | 1 |  1.2
Polearms       | 1 |  1.2
Staves         | 1 |  1.2
Slings         | 1 |  1.2
Crossbows      | 1 |  1.2
Armour         | 1 |  1.2
Shields        | 1 |  1.2
Unarmed Combat | 1 |  1.2
Spellcasting   | 1 |  1.2
Evocations     | 1 |  1.2
Conjurations   | 1 |  1.0
Hexes          | 1 |  1.0
Summonings     | 1 |  1.0
Necromancy     | 1 |  1.0
Translocations | 1 |  1.0
Transmutations | 1 |  1.0
Fire Magic     | 1 |  1.0
Ice Magic      | 1 |  1.0
Air Magic      | 1 |  1.0
Earth Magic    | 1 |  1.0
Poison Magic   | 1 |  1.0
Fighting       | |  6.6
Long Blades    | |  4.7
Bows           | |  2.8
Throwing       | |  2.8
Dodging        | |  2.8
Stealth        | |  4.3

Action                   |  1- 3 |  4- 6 || total
-------------------------+-------+-------++-------
Melee: Dagger            |   122 |    65 ||   187
       Bite              |     9 |     5 ||    14
       Punch             |       |     1 ||     1
Throw: Dart              |     1 |       ||     1
 Stab: Sleeping          |    10 |     1 ||    11
       Distracted        |     1 |       ||     1
Armor: Robe              |    17 |     2 ||    19
Dodge: Dodged            |    66 |    41 ||   107
